 Dungeon Crawl Stone Soup version 0.22-a0-848-ge9e22a0 (webtiles) character file.

4035 mhoghedin the Destroyer (level 10, -7/60 HPs)
             Began as a Kobold Conjurer on July 26, 2018.
             Was a Priest of Vehumet.
             Mangled by a wolf spider (9 damage)
             ... on level 8 of the Dungeon.
             The game lasted 00:22:57 (8603 turns).

mhoghedin the Destroyer (Kobold Conjurer)           Turns: 8603, Time: 00:22:57

Health: -7/60      AC:  5    Str:  6    XL:     10   Next: 48%
Magic:  26/28      EV: 19    Int: 20    God:    Vehumet [***...]
Gold:   499        SH:  0    Dex: 15    Spells: 7/21 levels left

rFire    . . .     SeeInvis .   p - +0 mace (protect)
rCold    . . .     Gourm    .   (shield restricted)
rNeg     . . .     Faith    .   a - +0 robe
rPois    .         Spirit   .   m - +1 helmet
rElec    .         Reflect  .   (no cloak)
rCorr    .         Harm     .   D - +0 pair of gloves
MR       .....                  (no boots)
Stlth    +.........             v - amulet of magic regeneration
HPRegen  0.20/turn              o - ring of attention (curse)
MPRegen  0.46/turn              b - ring of magical power {MP+9}

@: no status effects
A: small, carnivore
a: Renounce Religion


You were on level 8 of the Dungeon.
You worshipped Vehumet.
Vehumet was most pleased with you.
You were full.

You visited 1 branch of the dungeon, and saw 8 of its levels.

You collected 499 gold pieces.

Inventory:

Hand Weapons
 p - a +0 mace of protection (weapon)
   (You found it on level 4 of the Dungeon)
Missiles
 J - a throwing net {=f, !d}
Armour
 a - a +0 robe (worn)
 m - a +1 helmet (worn)
   (You found it on level 4 of the Dungeon)
 D - a +0 pair of gloves (worn)
   (You found it on level 5 of the Dungeon)
Magical Staves
 y - an uncursed staff of summoning {!a}
   (You found it on level 6 of the Dungeon)
 N - an uncursed staff of earth
   (You found it on level 7 of the Dungeon)
Jewellery
 b - a ring of magical power (right hand) {MP+9}
   (You found it on level 2 of the Dungeon)
 k - a +3 ring of protection
   (You found it on level 2 of the Dungeon)
 o - a cursed ring of attention (left hand)
   (You found it on level 3 of the Dungeon)
 r - an uncursed amulet of rage {+Rage, !d}
   (You found it on level 3 of the Dungeon)
 v - an amulet of magic regeneration (around neck)
   (You found it on level 4 of the Dungeon)
Wands
 n - a wand of acid (4)
   (You took it off Ijyb on level 3 of the Dungeon)
 u - a wand of flame (14)
   (You found it on level 4 of the Dungeon)
 B - a wand of polymorph (1)
   (You took it off Eustachio on level 5 of the Dungeon)
 E - a wand of digging (27)
   (You found it on level 7 of the Dungeon)
 H - a wand of paralysis (6)
   (You found it on level 7 of the Dungeon)
 K - a wand of random effects (24)
   (You found it on level 7 of the Dungeon)
 L - a wand of iceblast (9)
   (You found it on level 7 of the Dungeon)
Scrolls
 g - 2 scrolls of blinking {!r}
 h - a scroll of teleportation
 l - 2 scrolls of amnesia
 q - a scroll of fear
 w - a scroll of enchant weapon
 F - a scroll of magic mapping {unknown}
 G - a scroll of remove curse
 I - 2 scrolls of identify
Potions
 d - a potion of berserk rage {unknown}
 e - 3 potions of heal wounds
 f - 5 potions of flight
 i - 3 potions of brilliance {unknown}
 j - a potion of ambrosia {unknown}
 s - 2 potions of curing
 t - a potion of might {unknown}
 z - 2 potions of cancellation {unknown}
 A - 2 potions of invisibility {unknown}
 C - a potion of lignification {unknown}
 M - a potion of agility {unknown}
Comestibles
 c - 17 rations


   Skills:
 - Level 6.0 Fighting
 - Level 7.2 Dodging
 - Level 2.6 Stealth
 - Level 6.4 Spellcasting
 + Level 9.3 Conjurations
 - Level 4.8 Hexes
 - Level 4.4 Evocations


You had 7 spell levels left.
You knew the following spells:

 Your Spells              Type           Power        Failure   Level  Hunger
a - Magic Dart            Conj           ####         1%          1    None
b - Searing Ray           Conj           #####.       1%          2    None
c - Dazzling Spray        Conj/Hex       ####..       1%          3    ##.....
d - Fulminant Prism       Conj/Hex       ####......   1%          4    ####...
x - Iskenderun's Mystic   Conj           #####...     1%          4    ####...

Your spell library contained the following spells:

 Spells                   Type           Power        Failure   Level  Hunger
 Force Lance              Conj/Tloc      ####....     4%          4    ####...


Dungeon Overview and Level Annotations

Branches:
Dungeon (8/15)             Temple (0/1) D:7
   Lair: D:8-11

Altars:
Ashenzari
Elyvilon
Gozag
Hepliaklqana
Makhleb
Okawaru
Vehumet
Wu Jian
Xom
Yredelemnul

Shops:
D:6 =   D:8 ?

Annotations:
D:5 2 runed doors, Meatbag's ghost, novice DrFi


Innate Abilities, Weirdness & Mutations

You are small and have problems with some larger weapons.
You are carnivorous and can eat meat at any time.


Message History

You eat one of the 2 chunks of flesh {@w0}.
This raw flesh tastes great.
Eating a chunk of flesh {@w0}.
You eat the chunk of flesh {@w0}.
This raw flesh tastes great.
You start to feel less resistant.
You regained 9 hp, and now have 35/60 hp.
MP restored: 28 You start resting.
Your resistance to elements expires.
You start resting.
Health restored: 60 Unknown command.
You open the door.
A crimson imp comes into view.
The crimson imp shouts!
A crimson imp is nearby!
You can't see any susceptible monsters within range! (Use Z to cast anyway.) Unknown command.
Aim: a crimson imp The magic dart hits the crimson imp.
You now have 27/28 mp.
Aim: a crimson imp (lightly wounded)
The magic dart hits the crimson imp.
Aim: a crimson imp (moderately wounded)
The magic dart hits the crimson imp.
You now have 26/28 mp.
Aim: a crimson imp (moderately wounded)
The magic dart hits the crimson imp.
Aim: a crimson imp (heavily wounded)
The magic dart hits the crimson imp.
The crimson imp blinks!
You now have 25/28 mp.
Aim: a crimson imp (severely wounded)
The magic dart hits the crimson imp.
Aim: a crimson imp (severely wounded)
The magic dart hits the crimson imp.
You kill the crimson imp!
Vehumet accepts your kill.
You feel your power returning.
You can't see any susceptible monsters within range! (Use Z to cast anyway.) Unknown command.
There is an open door here.
I - 2 scrolls of identify (gained 1)
An adder comes into view.
MP restored: 28 An adder is nearby!
Aim: an adder (resting)
The searing ray hits the adder.
The adder hisses angrily. (Press . to maintain the ray.)
You now have 26/28 mp.
The searing ray misses the adder.
The adder closely misses you. The adder completely misses you.
The searing ray misses the adder.
The adder misses you.
You now have 25/28 mp.
The searing ray hits the adder.
You kill the adder!
Vehumet accepts your kill.
You feel your power returning.
You finish channeling your searing ray.
Okay, then.
Unknown command.
A two-headed ogre comes into view.
It is wielding a giant spiked club and a giant club.
The two-headed ogre shouts in stereo!
MP restored: 28 A two-headed ogre is nearby!
Aim: a two-headed ogre, wielding a giant spiked club and a giant club
Okay, then.
Unknown command.
Aim: a two-headed ogre, wielding a giant spiked club and a giant club (chance to defeat MR: 41%)
The two-headed ogre resists with some effort.
Aim: a two-headed ogre, wielding a giant spiked club and a giant club (chance to defeat MR: 41%)
The two-headed ogre resists with some effort.
The two-headed ogre completely misses you.
The two-headed ogre barely misses you.
Aim: a two-headed ogre, wielding a giant spiked club and a giant club (chance to defeat MR: 41%)
The two-headed ogre resists with some effort.
The two-headed ogre barely misses you. The two-headed ogre closely misses you.
Aim: a two-headed ogre, wielding a giant spiked club and a giant club (chance to defeat MR: 41%)
The two-headed ogre evaporates and reforms as a wolf spider!
The wolf spider misses you. x2
Aim: a wolf spider (clinging)
The spray of energy hits the wolf spider.
The wolf spider hits you. The wolf spider bites you!
You take 18 damage, and have 42/60 hp.
MASSIVE DAMAGE!!
You now have 25/28 mp.
Okay, then.
Unknown command.
Aim: a wolf spider (lightly wounded, clinging)
The bolt of acid hits the wolf spider.
The wolf spider is splashed with acid.
The wolf spider hits you! The wolf spider bites you!
You are lethally poisoned!
The wolf spider poisons you! The wolf spider hits you!
* * * LOW HITPOINT WARNING * * *
The wolf spider misses you.
You take 32 damage, and have 10/60 hp.
MASSIVE DAMAGE!!
You feel better. The wolf spider hits you!
* * * LOW HITPOINT WARNING * * *
The wolf spider bites you!
You die...

####.####
#.##'##
#..†....#
#.#...#
#.##.##.#
#...... #.
#.#..# ##......
#.
#....####.......
#.
#.......+....>..
#.
##...####.......
#s###...#
##......
#.@.....#
#......
#####.###
#.#.(.# ..#
#.##)## .###
#.##(# #. #.##.#
# #.##.##
#.#.... #......
###.#....


You could see a wolf spider.

Vanquished Creatures
  A two-headed ogre (D:7)
  A hippogriff (D:7)
  A raiju (D:8)
  Eustachio (D:5)
  Menkaure (D:6)
  2 orc warriors
  An ice beast (D:7)
  A sky beast (D:7)
  A phantom (D:7)
  5 ogres
  2 centaurs
  2 big kobolds (D:6)
  A bullfrog (D:3)
  A gnoll sergeant (D:7)
  A scorpion (D:6)
  4 howler monkeys
  3 crimson imps
  7 orc priests
  10 hounds
  2 bullfrog skeletons (D:4)
  A jelly (D:6)
  5 orc wizards
  2 gnoll shamans (D:6)
  2 worker ants
  Ijyb (D:3)
  A hound zombie (D:5)
  A hound skeleton (D:6)
  2 worker ant zombies
  7 gnolls
  9 adders
  A shadow imp (D:2)
  An ooze (D:1)
  3 worms
  3 dart slugs
  5 leopard geckos
  16 orcs
  10 bats
  7 giant cockroaches
  3 goblins
  9 hobgoblins
  4 jackals (D:2)
  3 quokkas
  6 frilled lizards
  A jackal zombie (D:6)
  9 kobolds
  A quokka zombie (D:5)
  7 rats
168 creatures vanquished.

Vanquished Creatures (others)
  20 fulminant prisms
  2 plants (D:6)
22 creatures vanquished.

Grand Total: 190 creatures vanquished

Notes
Turn   | Place    | Note
-------+----------+-------------------------------------------
     0 | D:1      | mhoghedin the Kobold Conjurer began the quest for the Orb.
     0 | D:1      | Reached XP level 1. HP: 10/10 MP: 3/3
   149 | D:1      | Reached XP level 2. HP: 15/15 MP: 3/5
   550 | D:1      | Learned a level 2 spell: Searing Ray
   768 | D:2      | Reached XP level 3. HP: 19/19 MP: 0/7
   870 | D:2      | Reached skill level 3 in Spellcasting
  1055 | D:2      | Found a radiant altar of Vehumet.
  1065 | D:2      | Became a worshipper of Vehumet
  1191 | D:2      | Reached XP level 4. HP: 8/24 MP: 8/8
  1749 | D:3      | Noticed a bullfrog
  1889 | D:3      | Reached skill level 5 in Conjurations
  1889 | D:3      | Reached XP level 5. HP: 26/28 MP: 10/10
  2026 | D:3      | Killed a bullfrog
  2026 | D:3      | Reached skill level 4 in Spellcasting
  2207 | D:3      | Reached * piety under Vehumet
  2207 | D:3      | Offered knowledge of Sting by Vehumet.
  2276 | D:3      | Reached XP level 6. HP: 27/32 MP: 12/12
  2589 | D:3      | Noticed Ijyb
  2601 | D:3      | Killed Ijyb
  2601 | D:3      | Reached skill level 6 in Conjurations
  2637 | D:3      | Reached skill level 5 in Spellcasting
  2780 | D:4      | Reached XP level 7. HP: 36/36 MP: 14/14
  2918 | D:4      | Learned a level 4 spell: Iskenderun's Mystic Blast
  3114 | D:4      | Learned a level 3 spell: Dazzling Spray
  3119 | D:4      | Learned a level 4 spell: Fulminant Prism
  3483 | D:4      | Reached skill level 6 in Spellcasting
  3483 | D:4      | Reached skill level 1 in Hexes
  3600 | D:5      | Entered Level 5 of the Dungeon
  3647 | D:5      | Reached XP level 8. HP: 41/41 MP: 17/17
  3694 | D:5      | Reached ** piety under Vehumet
  3856 | D:5      | Noticed Eustachio
  3920 | D:5      | Killed Eustachio
  3920 | D:5      | Offered knowledge of Throw Flame by Vehumet.
  3920 | D:5      | Reached skill level 7 in Conjurations
  3920 | D:5      | Reached skill level 2 in Hexes
  3983 | D:5      | Found a basalt altar of Yredelemnul.
  4267 | D:5      | Found a runed door.
  4329 | D:5      | Reached skill level 1 in Evocations
  4598 | D:5      | Reached skill level 1 in Fighting
  4615 | D:5      | Found a runed door.
  4616 | D:5      | Noticed Meatbag's ghost (novice DrFi)
  4793 | D:6      | Reached skill level 3 in Dodging
  4819 | D:6      | Noticed Menkaure
  4823 | D:6      | Killed Menkaure
  4823 | D:6      | Reached skill level 2 in Fighting
  4823 | D:6      | Reached skill level 2 in Evocations
  5069 | D:6      | HP: 10/44 [centaur/arrow (7)]
  5070 | D:6      | HP: 1/44 [centaur/arrow (9)]
  5072 | D:6      | Reached skill level 4 in Dodging
  5382 | D:6      | Reached skill level 3 in Evocations
  5397 | D:6      | Found Detapoob's Jewellery Emporium.
  5452 | D:6      | Found a shimmering altar of Xom.
  5453 | D:6      | Found a shimmering altar of Xom.
  5453 | D:6      | Found a shimmering altar of Xom.
  5454 | D:6      | Found a shimmering altar of Xom.
  5455 | D:6      | Found a shimmering altar of Xom.
  5455 | D:6      | Found a shimmering altar of Xom.
  5457 | D:6      | Found a shimmering altar of Xom.
  5457 | D:6      | Found a shimmering altar of Xom.
  5458 | D:6      | Found a shimmering altar of Xom.
  5663 | D:6      | Reached skill level 3 in Fighting
  5663 | D:6      | Reached XP level 9. HP: 50/50 MP: 17/18
  5725 | D:6      | Found an ornate altar of the Wu Jian Council.
  5728 | D:6      | Found an iron altar of Okawaru.
  5728 | D:6      | Found a white marble altar of Elyvilon.
  5728 | D:6      | Found an opulent altar of Gozag.
  5759 | D:6      | Found a hazy altar of Hepliaklqana.
  5763 | D:6      | Found a shattered altar of Ashenzari.
  5888 | D:6      | Reached skill level 5 in Dodging
  5888 | D:6      | Reached skill level 4 in Evocations
  5893 | D:6      | Offered knowledge of Static Discharge by Vehumet.
  5904 | D:6      | Reached skill level 4 in Fighting
  6189 | D:6      | Reached *** piety under Vehumet
  6256 | D:6      | Found a burning altar of Makhleb.
  6354 | D:6      | Reached skill level 6 in Dodging
  6594 | D:7      | Reached skill level 5 in Fighting
  6721 | D:7      | Noticed a hippogriff
  6734 | D:7      | Killed a hippogriff
  6734 | D:7      | Reached skill level 7 in Dodging
  6856 | D:7      | Reached skill level 6 in Fighting
  7024 | D:7      | Found a staircase to the Ecumenical Temple.
  7119 | D:7      | HP: 13/55 [fulminant prism[the player character] (20)]
  7436 | D:7      | Reached XP level 10. HP: 60/60 MP: 9/19
  7497 | D:7      | Reached skill level 8 in Conjurations
  7700 | D:7      | Noticed a two-headed ogre
  7722 | D:7      | Killed a two-headed ogre
  7722 | D:7      | Reached skill level 9 in Conjurations
  7722 | D:7      | Reached skill level 4 in Hexes
  8056 | D:8      | Offered knowledge of Stone Arrow by Vehumet.
  8320 | D:8      | Found Fuihivan's Magic Scroll Shop.
  8347 | D:8      | Noticed Joseph
  8361 | D:8      | Noticed Joseph
  8361 | D:8      | Joseph changed into Joseph the raiju
  8368 | D:8      | Killed Joseph the raiju
  8596 | D:8      | Noticed a two-headed ogre
  8600 | D:8      | Noticed a wolf spider
  8600 | D:8      | a two-headed ogre changed into a wolf spider
  8602 | D:8      | HP: 10/60 [wolf spider (9)]
  8603 | D:8      | HP: 2/60 [wolf spider (13)]
  8603 | D:8      | Mangled by a wolf spider

Vault maps used:
D:1:      minmay_arrival_stair_chambers, minmay_domino_2
D:2:      vehumet_crystals
D:3:      cheibrodos_helix_gallery, uniq_ijyb
D:4:      first_ration
D:5:      old_standard_altar, ebering_ghost_sewer_f, uniq_eustachio
D:6:      kennysheep_housing_project, minmay_overflow_temple_hex,
          bloody_makhleb, serial_shops, kennysheep_mini, xom_redecorated,
          uniq_menkaure
D:7:      temple_doors_e
D:8:      lair_entry_dummy, serial_shops, shop, uniq_joseph, uniq_gastronok

Skill      XL: |  1  2  3  4  5  6  7  8  9 10 |
---------------+-------------------------------+-----
Spellcasting   | 3 4 5 6 |  6.4
Conjurations   | 5 6 7 9 |  9.3
Hexes          | 1 2 4 |  4.8
Evocations     | 3 4 |  4.4
Fighting       | 3 6 |  6.0
Dodging        | 4 7 |  7.2
Stealth        | |  2.6

Action                   |  1- 3 |  4- 6 |  7- 9 | 10-12 || total
-------------------------+-------+-------+-------+-------++-------
Melee: Hand axe          |    45 |     7 |       |       ||    52
       Mace              |       |       |    23 |       ||    23
 Cast: Magic Dart        |    32 |    32 |    75 |    11 ||   150
       Searing Ray       |     1 |    20 |    20 |     5 ||    46
       Iskenderun's Myst |       |       |    80 |    10 ||    90
       Dazzling Spray    |       |       |     5 |     9 ||    14
       Fulminant Prism   |       |       |    10 |    10 ||    20
Evoke: Wand              |       |       |     6 |    10 ||    16
  Use: Scroll            |     7 |     2 |     8 |     1 ||    18
       Potion            |       |     1 |     1 |     2 ||     4
 Stab: Invisible         |       |       |     1 |       ||     1
  Eat: Chunk             |     1 |    13 |    24 |     6 ||    44
Armor: Robe              |    25 |     5 |    23 |       ||    53
Dodge: Dodged            |    52 |    53 |   103 |    34 ||   242

Table legend:
 A = Spawn XP
 B = Non-spawn XP
 C = Spawn XP percentage of total XP
 D = Spawn monster count
 E = Non-spawn monster count
 F = Spawn count percentage of total count
 G = Total turns spent on level
                    A         B        C        D         E        F      G
               +---------+---------+-------+---------+---------+-------+---------
         Total |       0 |    5765 |   0.0 |       0 |     168 |   0.0 |  8603
               +---------+---------+-------+---------+---------+-------+---------
           D:1 |       0 |      22 |   0.0 |       0 |       9 |   0.0 |   751
           D:2 |       0 |      61 |   0.0 |       0 |      22 |   0.0 |  1013
           D:3 |       0 |     381 |   0.0 |       0 |      32 |   0.0 |   965
           D:4 |       0 |     501 |   0.0 |       0 |      13 |   0.0 |   871
           D:5 |       0 |     535 |   0.0 |       0 |      20 |   0.0 |  1491
           D:6 |       0 |    1445 |   0.0 |       0 |      43 |   0.0 |  1693
           D:7 |       0 |    2191 |   0.0 |       0 |      17 |   0.0 |  1221
           D:8 |       0 |     629 |   0.0 |       0 |      12 |   0.0 |   598
               +---------+---------+-------+---------+---------+-------+---------

Vault maps used:
D:1:      minmay_arrival_stair_chambers, minmay_domino_2
D:2:      vehumet_crystals
D:3:      cheibrodos_helix_gallery, uniq_ijyb
D:4:      first_ration
D:5:      old_standard_altar, ebering_ghost_sewer_f, uniq_eustachio
D:6:      kennysheep_housing_project, minmay_overflow_temple_hex,
          bloody_makhleb, serial_shops, kennysheep_mini, xom_redecorated,
          uniq_menkaure
D:7:      temple_doors_e
D:8:      lair_entry_dummy, serial_shops, shop, uniq_joseph, uniq_gastronok

Table legend:
 A = Turns spent in this place as a percentage of turns spent in the entire game.
 B = Non-inter-level travel turns spent in this place as a percentage of non-inter-level travel turns spent in the entire game.
 C = Inter-level travel turns spent in this place as a percentage of turns spent in this place.
 D = Turns resting spent in this place as a percentage of non-inter-level travel turns spent in this place.
 E = Turns spent auto-exploring this place as a percentage of non-inter-level travel turns spent in this place.
 F = Non-inter-level travel turns spent in this place divided by the number of levels of this place that you've seen.
                   A       B       C       D       E      F
               +-------+-------+-------+-------+-------+----------------------
         Total | 100.0 | 100.0 |   3.3 |  37.7 |  45.5 | 1039.9
       Dungeon | 100.0 | 100.0 |   3.3 |  37.7 |  45.5 | 1039.9
               +-------+-------+-------+-------+-------+----------------------

Table legend:
 A = Kills in this place as a percentage of kills in entire the game.
 B = Kills by you in this place as a percentage of kills by you in the entire game.
 C = Kills by friends in this place as a percentage of kills by friends in the entire game.
 D = Other kills in this place as a percentage of other kills in the entire game.
 E = Experience gained in this place as a percentage of experience gained in the entire game.
 F = Experience gained in this place divided by the number of levels of this place that you have seen.
                   A       B       C       D       E      F
               +-------+-------+-------+-------+-------+----------------------
         Total | 100.0 | 100.0 |   N/A |   N/A | 100.0 | 720.6
       Dungeon | 100.0 | 100.0 |   N/A |   N/A | 100.0 | 720.6
               +-------+-------+-------+-------+-------+----------------------
